 Dungeon Crawl Stone Soup version 0.28.0-53-g5a82cb258f (webtiles) character file.

Game seed: 4983696011221291946

4502 Sin92 the Cleaver (level 10, -1/88 HPs)
             Began as a Minotaur Fighter on June 8, 2022.
             Was an Elder of Okawaru.
             Slain by a wight
             ... wielding a +0 great sword
              (17 damage)
             ... on level 8 of the Dungeon.
             The game lasted 00:07:56 (5340 turns).

Sin92 the Cleaver (Minotaur Fighter)                Turns: 5340, Time: 00:07:57

Health: -1/88      AC:  8    Str: 22    XL:     10   Next: 16%
Magic:  12/12      EV: 13    Int:  7    God:    Okawaru [****..]
Gold:   889        SH: 13    Dex: 19    Spells: 9/9 levels left

rFire   . . .      SeeInvis .   k - +9 war axe of Deformation {freeze, Fragile +Blink Int+2}
rCold   . . .      Faith    .   c - +1 buckler
rNeg    . . .      Spirit   .   b - +0 scale mail
rPois   .          Reflect  +   (helmet restricted)
rElec   .          Harm     .   (no cloak)
rCorr   .          Rampage  .   (no gloves)
Will    .....                   (no boots)
Stlth   ..........              w - amulet of reflection
HPRegen 0.24/turn               l - +6 ring of dexterity
MPRegen 0.13/turn               (no ring)

@: no status effects
A: horns 2, retaliatory headbutt
a: Renounce Religion, Evoke Blink, Heroism, Finesse


You were on level 8 of the Dungeon.
You worshipped Okawaru.
Okawaru was greatly pleased with you.
You visited 1 branch of the dungeon, and saw 8 of its levels.

You collected 889 gold pieces.

Inventory:

Hand Weapons
 a - a +1 flail
 k - the +9 war axe of Deformation (weapon) {freeze, Fragile +Blink Int+2}
   (You found it on level 2 of the Dungeon)

   It freezes those it strikes, dealing additional cold damage.
   It can also slow down cold-blooded creatures.
   Int:       It affects your intelligence (+2).
   +Blink:    It lets you blink.
   Fragile:   It will be destroyed if unequipped.
Missiles
 x - 2 throwing nets (quivered)
Armour
 b - a +0 scale mail (worn)
 c - a +1 buckler (worn)
Jewellery
 l - a +6 ring of dexterity (left hand)
 u - a ring of see invisible
 v - a ring of ice
 w - an amulet of reflection (around neck)
Wands
 j - a wand of flame (12)
 q - a wand of iceblast (11)
Scrolls
 e - a scroll of identify
 m - a scroll of teleportation
 r - a scroll of amnesia
Potions
 d - 2 potions of might
 g - a potion of heal wounds
 h - a potion of flight {unknown}
 i - a potion of magic {unknown}
 n - 2 potions of invisibility
 o - 3 potions of resistance
 p - a potion of curing {unknown}
 s - a potion of haste
 t - 4 potions of lignification
 z - a potion of attraction {unknown}


   Skills:
 + Level 7.9 Fighting
 * Level 9.6(9.8) Axes
 - Level 2.8(6.7) Maces & Flails
 + Level 7.9 Armour
 + Level 6.2 Dodging
 + Level 7.9 Shields
 + Level 4.0 Invocations


You had 9 spell levels left.
You didn't know any spells.
Your spell library contained the following spells:

 Spells                   Type           Power      Damage    Failure   Level
 Magic Dart               Conj           0%         1d3       80%         1
 Searing Ray              Conj           0%         2d4       90%         2
 Fulminant Prism          Conj/Hex       0%         3d6       100%        4


Dungeon Overview and Level Annotations

Branches:
Dungeon (8/15)             Temple (0/1) D:6
   Lair: D:8-11

Altars:
Ashenzari
Dithmenos
Elyvilon
Gozag
Okawaru
Uskayaw
Wu Jian
Xom
Zin
The Shining One

Shops:
D:6 =


Innate Abilities, Weirdness & Mutations

You have a pair of horns on your head.
You reflexively headbutt those who attack you in melee.


Message History

The puff of flame hits you.
* * * LOW HITPOINT WARNING * * *
You slash the orc wizard! You freeze the orc wizard.
You kill the orc wizard!
Okawaru accepts your kill.
You barely miss the orc. You block the orc's attack.
You slash the orc! You freeze the orc.
You kill the orc!
Okawaru accepts your kill.
The orc priest calls down the wrath of Beogh upon you.
Beogh smites you!
* * * LOW HITPOINT WARNING * * *
Unknown command.
It was a potion of heal wounds.
You feel much better.
The orc priest calls down the wrath of Beogh upon you.
Beogh smites you!
* * * LOW HITPOINT WARNING * * *
A wight comes into view. It is wielding a +0 great sword.
The orc priest closely misses you.
Items here: ! ( ))) [ †.
You slash the orc priest! You freeze the orc priest.
You headbutt the orc priest.
You kill the orc priest!
Okawaru accepts your kill.
Okay, then.
As you read the scroll of identify, it crumbles to dust.
s - a potion of haste A wight comes into view.
It is wielding a +4 battleaxe of freezing.
A wight comes into view. It is wielding a +4 mace.
Things that are here:
a +0 whip of electrocution; a +0 whip; an orc corpse You hit the wight.
Your headbutt misses the wight.
The wight is moderately damaged.
A wight comes into view. It is wielding a +0 long sword.
The wight hits you with a +0 great sword.
* * * LOW HITPOINT WARNING * * *
You slash the wight!
The wight is almost destroyed.
The wight hits you with a +0 great sword!
You die...

##############
#......##....#
###......##....#
.........##....#
......#####†...########
.............†.z@))..>#
.........##...z########
###.##...####.#...#
...##......z.....#
....####...z).....#
....# #..........#
..... #..........#
###.# #..$......## #
#.........#


You could see 4 wights.

Vanquished Creatures
  Harold (D:7)
  Maggie (D:7)
  A hornet (D:8)
  A wyvern (D:7)
  A steam dragon (D:6)
  An acid dragon (D:8)
  3 water moccasins
  Duvessa (D:7)
  An orc warrior (D:8)
  3 sky beasts
  A hornet zombie (D:6)
  An ice beast (D:7)
  2 black bears
  2 necrophages (D:5)
  The ghost of thriggle the Firebug, an amateur HOFE (D:3)
  3 ogres
  2 centaurs
  2 bullfrogs (D:6)
  A wyvern zombie (D:7)
  2 scorpions (D:6)
  Dowan (D:7)
  A wyvern skeleton (D:7)
  2 jellies (D:2)
  2 hounds
  A bullfrog zombie (D:6)
  2 bullfrog skeletons (D:5)
  2 orc priests (D:8)
  5 centaur skeletons
  2 iguanas
  5 orc wizards
  A killer bee zombie (D:8)
  A hound skeleton (D:5)
  A gnoll (D:5)
  9 adders
  A white imp (D:7)
  A worm (D:3)
  28 orcs
  13 endoplasms
  2 giant cockroaches
  4 goblins
  2 hobgoblins
  12 kobolds
  5 quokkas
  8 ball pythons
  8 bats
  2 frilled lizards (D:3)
  3 rats
155 creatures vanquished.

Vanquished Creatures (others)
  An adder (D:6)
  3 fungi (D:2)
  7 toadstools (D:2)
11 creatures vanquished.

Grand Total: 166 creatures vanquished

Notes
Turn   | Place    | Note
-------+----------+-------------------------------------------
     0 | D:1      | Sin92 the Minotaur Fighter began the quest for the Orb.
     0 | D:1      | Reached XP level 1. HP: 19/19 MP: 0/0
   215 | D:1      | Reached XP level 2. HP: 27/27 MP: 1/1
   311 | D:1      | Found a faded altar of an unknown god.
   578 | D:2      | Identified the +9 war axe of Deformation {freeze, Fragile
                  | +Blink Int+2}
   585 | D:2      | Reached skill level 1 in Dodging
   803 | D:2      | Reached XP level 3. HP: 33/33 MP: 2/2
   833 | D:2      | Reached skill level 1 in Axes
  1150 | D:2      | Reached XP level 4. HP: 39/40 MP: 3/3
  1153 | D:2      | Reached skill level 2 in Axes
  1374 | D:3      | Found a runed translucent door.
  1378 | D:3      | Noticed thriggle's ghost (amateur HOFE)
  1392 | D:3      | Reached XP level 5. HP: 42/47 MP: 4/4
  1397 | D:3      | Killed thriggle's ghost
  1398 | D:3      | Reached skill level 3 in Axes
  1453 | D:3      | Reached XP level 6. HP: 49/53 MP: 5/5
  2048 | D:4      | Reached skill level 5 in Fighting
  2048 | D:4      | Reached skill level 4 in Axes
  2048 | D:4      | Reached skill level 5 in Armour
  2048 | D:4      | Reached skill level 5 in Shields
  2329 | D:5      | Entered Level 5 of the Dungeon
  2356 | D:5      | Found a shimmering altar of Xom.
  2359 | D:5      | Found an opulent altar of Gozag.
  2362 | D:5      | Found a shadowy altar of Dithmenos.
  2365 | D:5      | Found a hide-covered altar of Uskayaw.
  2426 | D:5      | Reached XP level 7. HP: 61/61 MP: 6/6
  2493 | D:5      | Reached skill level 5 in Axes
  2691 | D:5      | Reached skill level 6 in Axes
  2691 | D:5      | Reached XP level 8. HP: 61/70 MP: 7/7
  3114 | D:5      | Found a glowing golden altar of the Shining One.
  3114 | D:5      | Found a glowing silver altar of Zin.
  3114 | D:5      | Found a white marble altar of Elyvilon.
  3200 | D:5      | Found an iron altar of Okawaru.
  3211 | D:5      | Became a worshipper of Warmaster Okawaru
  3309 | D:5      | Identified 2 scrolls of acquirement
  3309 | D:5      | Acquired 463 gold pieces
  3311 | D:5      | Acquired a +6 ring of dexterity
  3486 | D:6      | Found Feg Uriw's Jewellery Shop.
  3656 | D:6      | Reached skill level 1 in Invocations
  3728 | D:6      | Found a staircase to the Ecumenical Temple.
  3733 | D:6      | Reached * piety under Okawaru
  3734 | D:6      | Reached skill level 7 in Axes
  3799 | D:6      | Found an ornate altar of the Wu Jian Council.
  3881 | D:6      | Reached XP level 9. HP: 17/78 MP: 9/9
  3885 | D:6      | Reached skill level 5 in Dodging
  4516 | D:6      | Found a broken altar of Ashenzari.
  4581 | D:7      | You fall into a shaft and drop 1 floor!
  4599 | D:7      | Noticed Harold
  4608 | D:7      | Killed Harold
  4608 | D:7      | Reached ** piety under Okawaru
  4609 | D:7      | Reached skill level 8 in Axes
  4687 | D:7      | Noticed Maggie
  4695 | D:7      | Killed Maggie
  4695 | D:7      | Reached *** piety under Okawaru
  4856 | D:7      | Noticed Duvessa
  4856 | D:7      | Noticed Dowan
  4865 | D:7      | Killed Duvessa
  4867 | D:7      | Reached skill level 9 in Axes
  4867 | D:7      | Killed Dowan
  5167 | D:8      | Reached XP level 10. HP: 87/88 MP: 11/11
  5329 | D:8      | Reached **** piety under Okawaru
  5333 | D:8      | HP: 4/88 [orc priest/divine providence (10)]
  5340 | D:8      | Slain by a wight

Illustrated notes

Levels and vault maps discovered:
D:1:      dpeg_arrival_erosion, layout_rooms,
          hellmonk_ecumenical_altar_pennies_from_heaven
D:2:      cheibrodos_fertilizer, layout_basic
D:3:      layout_rooms, ebering_ghost_sewer_d
D:4:      layout_cave_pools, corexii_leaking_fountain
D:5:      layout_basic, good_gods_mini_temple, grunt_temple_overflow_cloverleaf,
          okawaru_altar_gauntlet_db
D:6:      layout_basic, kennysheep_little_box, nzn_wu_jian_council_hall,
          minmay_temple_entry_statues_fountains, serial_glass, glass_columns_b,
          glass_columns_a, serial_shops, shop, minivault_5, minmay_starry_boxes
D:7:      layout_cave_pools, uniq_duvessa, uniq_maggie, uniq_harold
D:8:      layout_basic, mainiacjoe_overflow_catwalk, enter_bailey_6

Skill      XL: |  1  2  3  4  5  6  7  8  9 10 |
---------------+-------------------------------+-----
Dodging        | 1 2 3 4 6 |  6.2
Shields        | 4 5 6 7 |  7.9
Fighting       | 4 5 6 7 |  7.9
Armour         | 4 5 6 7 |  7.9
Axes           | 1 2 3 4 6 7 9 |  9.6
Invocations    | 2 3 4 |  4.0
Maces & Flails | |  2.8

Action                   |  1- 3 |  4- 6 |  7- 9 | 10-12 || total
-------------------------+-------+-------+-------+-------++-------
Melee: Flail             |    30 |       |       |       ||    30
       Headbutt          |     8 |     6 |    30 |     4 ||    48
       War axe           |    19 |    64 |   129 |    29 ||   241
  Use: Scroll            |       |       |    14 |     2 ||    16
       Potion            |       |       |     1 |     1 ||     2
Armor: Scale mail        |    14 |    17 |    35 |     7 ||    73
Dodge: Dodged            |    23 |    23 |    47 |    14 ||   107
Block: Buckler           |    10 |    11 |    55 |    23 ||    99
       Reflection        |       |       |     1 |     2 ||     3
